Penguins vs Little Stars
Created - April 7, 2024 at 22:50
Goals
|
Penguins |
0 |
0 |
4 |
4 |
Little Stars |
1 |
3 |
1 |
5 |
|
Shots
|
Penguins |
9 |
6 |
16 |
31 |
Little Stars |
19 |
12 |
11 |
42 |
|
1st period
1. Little Stars , Daniel O'regan 42 (Joakim Nygard 44, Ilya Mikheyev 59) at 10:20 (PP)
Penalties :
Reece Willcox (Tex) for Holding (Minor) at 0:58, Collin Miller (Tex) for Holding (Minor) at 3:48, Gavin Bayreuther (Wil) for Holding (Minor) at 10:05, Adam Brooks (Wil) for Hooking (Minor) at 12:00, Jesper Boqvist (Wil) for Hooking (Minor) at 19:39
2nd period
2. Little Stars , Filip Chytil 8 (Cal Burke 8, Rudolfs Balcers 1) at 6:38
3. Little Stars , Samuel Girard 6 (Filip Chytil 9) at 12:16
4. Little Stars , Cal Burke 9 (Filip Chytil 10) at 15:40
Penalties :
Filip Chytil (Tex) for Tripping (Minor) at 4:26, Iven Barbashev (Wil) for Tripping (Minor) at 8:11, Brett Kulak (Wil) for Hooking (Minor) at 17:50
3rd period
5. Penguins , Iven Barbashev 34 (Evan Rodrigues 31) at 2:26 (PP)
6. Penguins , Evan Rodrigues 20 (Iven Barbashev 44, Dakota Mermis 24) at 7:39 (PP)
7. Penguins , Gavin Bayreuther 18 (Dakota Mermis 25, Evan Rodrigues 32) at 7:45
8. Penguins , Adam Brooks 25 (John Marino 17) at 12:27 (SH)
9. Little Stars , Shane Gersich 26 (Jason Dickinson 37) at 15:52
Penalties :
Justin Auger (Tex) for Tripping (Minor) at 2:24, Reece Willcox (Tex) for Holding (Minor) at 6:58, Brett Kulak (Wil) for Hooking (Minor) at 11:09, Dakota Mermis (Wil) for Holding (Minor) at 19:48
Goalie Stats
Anthony Stolarz (Wil), 37 saves from 42 shots - (0.881), L, 6-13-5, 59:33 minutes
Michael Houser (Tex), 27 saves from 31 shots - (0.871), W, 29-16-4, 60:00 minutes
Players Stats for Penguins
Player Name G A P +/- PIM S H SB GA TA FO MP PP MP PK MP
------------------------------------------------------------------------------------
Adam Brooks 1 0 1 0 2 1 2 1 0 0 8/13 16:27 2:33 2:53
Alexander Romanov 0 0 0 -1 0 0 0 0 0 1 0/0 10:47 0:00 0:00
Brett Kulak 0 0 0 -3 4 2 1 0 0 0 0/0 19:33 2:36 2:49
Clayton Keller 0 0 0 -1 0 2 3 0 1 0 0/0 10:22 0:00 0:00
Dakota Mermis 0 2 2 1 2 2 2 4 1 0 0/0 28:34 4:04 6:29
Denis Malgin 0 0 0 -2 0 1 0 0 0 0 2/2 7:33 0:00 0:12
Eetu Luostarinen 0 0 0 0 0 2 0 0 0 0 0/0 18:27 2:36 4:16
Evan Rodrigues 1 2 3 1 0 2 1 1 0 0 22/46 23:20 3:53 5:56
Gavin Bayreuther 1 0 1 1 2 4 1 1 0 1 0/0 27:35 4:04 5:50
Iven Barbashev 1 1 2 1 2 4 3 0 1 0 1/2 23:15 4:00 4:50
Jeff Malott 0 0 0 -1 0 0 2 0 0 0 0/0 10:54 0:04 0:09
Jesper Boqvist 0 0 0 -2 2 0 0 0 0 0 0/0 7:38 0:14 0:00
John Marino 0 1 1 -2 0 2 2 0 0 0 0/0 21:43 2:36 4:37
Mathew Barzal 0 0 0 -1 0 3 1 0 0 1 0/1 15:15 3:53 0:00
Max Gortz 0 0 0 1 0 1 3 0 0 0 0/2 15:25 2:33 0:00
Noah Dobson 0 0 0 0 0 2 0 0 0 1 0/0 11:54 0:00 0:57
Philipp Kurashev 0 0 0 -1 0 3 1 0 0 0 1/7 13:54 0:14 2:26
Sampo Ranta 0 0 0 -2 0 0 1 0 0 0 0/0 6:56 0:00 0:00
Players Stats for Little Stars
Player Name G A P +/- PIM S H SB GA TA FO MP PP MP PK MP
------------------------------------------------------------------------------------
Cal Burke 1 1 2 3 0 1 1 0 0 0 0/0 6:57 0:00 0:00
Collin Miller 0 0 0 -1 2 1 1 3 0 0 0/0 27:10 7:19 2:51
Daniel O'regan 1 0 1 -2 0 6 0 2 0 1 22/45 24:01 5:21 3:57
Emile Poirier 0 0 0 0 0 4 1 1 1 0 1/1 12:01 0:10 0:53
Filip Chytil 1 2 3 3 2 2 0 0 0 0 0/1 7:27 0:05 0:14
Ilya Mikheyev 0 1 1 -2 0 3 3 0 1 0 1/3 19:38 5:21 0:00
Jason Dickinson 0 1 1 1 0 4 3 0 0 0 11/15 17:36 4:55 2:20
Joakim Nygard 0 1 1 -2 0 5 2 1 0 0 1/3 23:47 5:16 3:57
Justin Auger 0 0 0 0 2 1 0 1 0 0 0/0 11:02 0:05 0:00
Matt Luff 0 0 0 1 0 4 2 0 0 0 0/0 15:13 4:55 0:00
Radel Fazleev 0 0 0 0 0 0 0 0 0 1 2/4 10:55 0:00 0:00
Reece Willcox 0 0 0 0 4 1 3 0 0 0 0/0 20:32 3:02 1:40
Rudolfs Balcers 0 1 1 3 0 0 2 0 0 0 1/1 6:57 0:00 0:00
Samuel Girard 1 0 1 3 0 1 0 0 0 0 0/0 12:09 0:00 1:43
Shane Gersich 1 0 1 1 0 4 1 1 1 0 0/0 17:24 4:55 1:59
Tucker Poolman 0 0 0 0 0 3 2 2 1 0 0/0 22:26 3:02 3:10
Ville Pokka 0 0 0 3 0 0 0 0 0 0 0/0 10:01 0:00 0:00
Wiley Sherman 0 0 0 -1 0 2 1 1 0 1 0/0 27:59 7:19 3:56
3 Stars
1 - Cal Burke (Tex)
2 - Filip Chytil (Tex)
3 - Evan Rodrigues (Wil)
Power Play
Penguins - 2 on 5 Attempt(s) - 40.00%
Little Stars - 1 on 7 Attempt(s) - 14.29%
Penalty Kill
Penguins - 6 on 7 Attempt(s) - 85.71%
- Score 1 goal in Penalty Kill
Little Stars - 3 on 5 Attempt(s) - 60.00%
- Score 0 goal in Penalty Kill
Team Stat
Penguins - Hits : 23 - Faceoff Wins : 34 - Blocked Shots : 7 - Penalty Minutes : 14
Little Stars - Hits : 22 - Faceoff Wins : 39 - Blocked Shots : 12 - Penalty Minutes : 10
Official
Referees : Jon McIsaac and Garrett Rank
Linesman : Steve Barton and Brandon Gawryletz
Game Notes
No Game Note
Finance
Level 1 -- Attendance: 1895 (94.75%) -- Ticket Income $132,650
Level 2 -- Attendance: 964 (96.40%) -- Ticket Income $38,560
Total Attendance: 2859 (95.30%)
Total Ticket Income: $171,210
Other Income: $8,560
Total Income: $179,770
Penguins
5 vs 5 Forward
Center Left Wing Right Wing Time % Phy DF OF
1 Evan Rodrigues Iven Barbashev Max Gortz 40 1 2 2
2 Adam Brooks Eetu Luostarinen Mathew Barzal 30 1 2 2
3 Philipp Kurashev Jeff Malott Clayton Keller 20 1 2 2
4 Denis Malgin Sampo Ranta Jesper Boqvist 10 1 2 2
5 vs 5 Defense
Defense Defense Time % Phy DF OF
1 Gavin Bayreuther Dakota Mermis 40 1 2 2
2 John Marino Brett Kulak 30 1 2 2
3 Alexander Romanov Noah Dobson 20 1 2 2
4 Gavin Bayreuther Dakota Mermis 10 1 2 2
PowerPlay Forward
Center Left Wing Right Wing Time % Phy DF OF
1 Evan Rodrigues Iven Barbashev Mathew Barzal 60 1 1 3
2 Adam Brooks Eetu Luostarinen Max Gortz 40 1 1 3
PowerPlay Defense
Defense Defense Time % Phy DF OF
1 Gavin Bayreuther Dakota Mermis 60 1 1 3
2 John Marino Brett Kulak 40 1 1 3
Penalty Kill 4 Players Forward
Center Wing Time % Phy DF OF
1 Evan Rodrigues Iven Barbashev 60 1 3 1
2 Adam Brooks Eetu Luostarinen 40 1 3 1
Penalty Kill 4 Players Defense
Defense Defense Time % Phy DF OF
1 Gavin Bayreuther Dakota Mermis 60 1 3 1
2 John Marino Brett Kulak 40 1 3 1
Penalty Kill - 3 Players Forward
Forward Time % Phy DF OF
1 Evan Rodrigues 60 1 3 1
2 Adam Brooks 40 1 3 1
Penalty Kill - 3 Players Defense
Defense Defense Time % Phy DF OF
1 Gavin Bayreuther Dakota Mermis 60 1 3 1
2 John Marino Brett Kulak 40 1 3 1
4 vs 4 Forward
Center Wing Time % Phy DF OF
1 Evan Rodrigues Iven Barbashev 60 1 1 3
2 Adam Brooks Eetu Luostarinen 40 1 1 3
4 vs 4 Defense
Defense Defense Time % Phy DF OF
1 Gavin Bayreuther Dakota Mermis 60 1 1 3
2 John Marino Brett Kulak 40 1 1 3
Last Minutes Offensive
Center Left Wing Right Wing Defense Defense
Evan Rodrigues Iven Barbashev Mathew Barzal Gavin Bayreuther Dakota Mermis
Last Minutes Defensive
Center Left Wing Right Wing Defense Defense
Evan Rodrigues Iven Barbashev Mathew Barzal Gavin Bayreuther Dakota Mermis
Goaltenders
Starting : Anthony Stolarz
Backup : Jeremy Swayman
Extra Forwards
Normal : Mathew Barzal, Iven Barbashev, Philipp Kurashev - PP : Mathew Barzal, Iven Barbashev - PK : Adam Brooks
Extra Defensemen
Normal : Gavin Bayreuther, Brett Kulak, Noah Dobson - PP : Brett Kulak - PK : Brett Kulak, Gavin Bayreuther
Penalty Shots
Mathew Barzal, Iven Barbashev, Evan Rodrigues, Eetu Luostarinen, Adam Brooks
Custom OT Lines Forwards
Mathew Barzal, Iven Barbashev, Evan Rodrigues, Eetu Luostarinen, Adam Brooks, Philipp Kurashev, Denis Malgin, Clayton Keller, Jeff Malott, Jesper Boqvist
Custom OT Lines Defensemen
Gavin Bayreuther, Brett Kulak, John Marino, Dakota Mermis, Alexander Romanov
Scratches
Jesperi Kotkaniemi (Bruised Left Foot Injury), Brett Pollock (Healthy), Josh Ho-Sang (Healthy), Juuso Ikonen (Healthy), Kevin Stenlund (Healthy)
Matthew Finn (Healthy), Austin Strand (Healthy), Ryan MacInnis (Healthy), Sam Kurker (Fractured Bone in Right Hand Injury), Steven Spinner (Healthy)
Shawn Boudrias (Healthy), Zachary Bouthillier (Healthy)
Little Stars
5 vs 5 Forward
Center Left Wing Right Wing Time % Phy DF OF
1 Daniel O'regan Joakim Nygard Ilya Mikheyev 40 1 2 2
2 Jason Dickinson Shane Gersich Matt Luff 30 1 2 2
3 Radel Fazleev Emile Poirier Justin Auger 20 1 2 2
4 Filip Chytil Rudolfs Balcers Cal Burke 10 1 2 2
5 vs 5 Defense
Defense Defense Time % Phy DF OF
1 Wiley Sherman Collin Miller 40 1 2 2
2 Reece Willcox Tucker Poolman 30 1 2 2
3 Samuel Girard Ville Pokka 20 1 2 2
4 Wiley Sherman Collin Miller 10 1 2 2
PowerPlay Forward
Center Left Wing Right Wing Time % Phy DF OF
1 Daniel O'regan Joakim Nygard Ilya Mikheyev 60 0 2 3
2 Jason Dickinson Shane Gersich Matt Luff 40 0 2 3
PowerPlay Defense
Defense Defense Time % Phy DF OF
1 Wiley Sherman Collin Miller 60 1 2 2
2 Reece Willcox Tucker Poolman 40 1 2 2
Penalty Kill 4 Players Forward
Center Wing Time % Phy DF OF
1 Daniel O'regan Joakim Nygard 60 1 2 2
2 Jason Dickinson Shane Gersich 40 1 2 2
Penalty Kill 4 Players Defense
Defense Defense Time % Phy DF OF
1 Wiley Sherman Collin Miller 60 0 3 2
2 Reece Willcox Tucker Poolman 40 0 3 2
Penalty Kill - 3 Players Forward
Forward Time % Phy DF OF
1 Daniel O'regan 60 1 2 2
2 Jason Dickinson 40 1 2 2
Penalty Kill - 3 Players Defense
Defense Defense Time % Phy DF OF
1 Wiley Sherman Collin Miller 60 0 3 2
2 Reece Willcox Tucker Poolman 40 0 3 2
4 vs 4 Forward
Center Wing Time % Phy DF OF
1 Daniel O'regan Joakim Nygard 60 0 2 3
2 Jason Dickinson Shane Gersich 40 0 2 3
4 vs 4 Defense
Defense Defense Time % Phy DF OF
1 Wiley Sherman Collin Miller 60 1 2 2
2 Reece Willcox Tucker Poolman 40 1 2 2
Last Minutes Offensive
Center Left Wing Right Wing Defense Defense
Daniel O'regan Joakim Nygard Ilya Mikheyev Wiley Sherman Collin Miller
Last Minutes Defensive
Center Left Wing Right Wing Defense Defense
Daniel O'regan Joakim Nygard Ilya Mikheyev Wiley Sherman Collin Miller
Goaltenders
Starting : Michael Houser
Backup : Danil Tarasov
Extra Forwards
Normal : Shane Gersich, Matt Luff, Emile Poirier - PP : Shane Gersich, Matt Luff - PK : Shane Gersich
Extra Defensemen
Normal : Tucker Poolman, Samuel Girard, Ville Pokka - PP : Tucker Poolman - PK : Tucker Poolman, Samuel Girard
Penalty Shots
Ilya Mikheyev, Daniel O'regan, Joakim Nygard, Jason Dickinson, Shane Gersich
Custom OT Lines Forwards
Ilya Mikheyev, Daniel O'regan, Joakim Nygard, Jason Dickinson, Shane Gersich, Matt Luff, Emile Poirier, Justin Auger, Radel Fazleev, Filip Chytil
Custom OT Lines Defensemen
Wiley Sherman, Collin Miller, Reece Willcox, Tucker Poolman, Samuel Girard
Scratches
Jack McBain (Healthy), Jean-Christophe Beaudin (Healthy), Lawrence Pilut (Healthy), Connor Mackey (Healthy), Yakov Trenin (Healthy)
Joey Anderson (Healthy), Jonathan Dahlen (Bruised Left Shoulder Injury), Givani Smith (Healthy), Blade Jenkins (Healthy), Bulat Shafigullin (Healthy)
Michael Giugovaz (Healthy)
% Time on Ice - Penguins
Lines # - Real PCT - Wanted PCT - Time Play
Normal Forward
1 - 34% - 40% - 14:27
2 - 25% - 30% - 10:37
3 - 24% - 20% - 10:22
4 - 16% - 10% - 6:56
Normal Defense
1 - 40% - 40% - 17:05
2 - 34% - 30% - 14:30
3 - 25% - 20% - 10:47
4 - 0% - 10% - 0:00
PP Forward
1 - 62% - 60% - 4:07
2 - 38% - 40% - 2:33
PP Defense
1 - 61% - 60% - 4:04
2 - 39% - 40% - 2:36
PK Forward
1 - 75% - 60% - 7:45
2 - 25% - 40% - 2:36
PK Defense
1 - 51% - 60% - 5:17
2 - 49% - 40% - 5:04
PK3 Forward
1 - 0% - 60%
2 - 0% - 40%
PK3 Defense
1 - 0% - 60%
2 - 0% - 40%
44 Forward
1 - 0% - 60%
2 - 0% - 40%
44 Defense
1 - 0% - 60%
2 - 0% - 40%
Last Minute Offensive - 0:37
Last Minute Defensive - 0:00
Total
Forward - 60:00
Defense - 60:00
|
% Time on Ice - Little Stars
Lines # - Real PCT - Wanted PCT - Time Play
Normal Forward
1 - 33% - 40% - 13:46
2 - 25% - 30% - 10:21
3 - 26% - 20% - 10:55
4 - 17% - 10% - 6:57
Normal Defense
1 - 40% - 40% - 16:50
2 - 36% - 30% - 15:11
3 - 24% - 20% - 9:58
4 - 0% - 10% - 0:00
PP Forward
1 - 52% - 60% - 5:26
2 - 48% - 40% - 4:55
PP Defense
1 - 71% - 60% - 7:19
2 - 29% - 40% - 3:02
PK Forward
1 - 73% - 60% - 4:51
2 - 27% - 40% - 1:49
PK Defense
1 - 66% - 60% - 4:23
2 - 34% - 40% - 2:17
PK3 Forward
1 - 0% - 60%
2 - 0% - 40%
PK3 Defense
1 - 0% - 60%
2 - 0% - 40%
44 Forward
1 - 0% - 60%
2 - 0% - 40%
44 Defense
1 - 0% - 60%
2 - 0% - 40%
Last Minute Offensive - 0:00
Last Minute Defensive - 1:00
Total
Forward - 60:00
Defense - 60:00
|
Play-by-Play
1st period
0:01 of 1st period - Evan Rodrigues wins face-off versus Daniel O'regan in neutral zone.
0:03 of 1st period - Off-side.
0:04 of 1st period - Evan Rodrigues wins face-off versus Daniel O'regan in neutral zone.
0:13 of 1st period - Slapshot by Max Gortz.
0:13 of 1st period - Shot Blocked by Collin Miller.
0:16 of 1st period - Icing by Collin Miller.
0:17 of 1st period - Adam Brooks wins face-off versus Daniel O'regan in Little Stars zone.
0:24 of 1st period - Slapshot by Mathew Barzal.
0:24 of 1st period - Stopped by Michael Houser without a rebound.
0:25 of 1st period - Jason Dickinson wins face-off versus Adam Brooks in Little Stars zone.
0:36 of 1st period - Wrist shot by Jason Dickinson.
0:36 of 1st period - Shot Misses the Net.
0:50 of 1st period - Tucker Poolman is hit by Jeff Malott and loses puck.
0:58 of 1st period - Minor Penalty to Reece Willcox for Holding.
0:59 of 1st period - Daniel O'regan wins face-off versus Evan Rodrigues in Little Stars zone.
1:15 of 1st period - Slapshot by Gavin Bayreuther.
1:15 of 1st period - Stopped by Michael Houser without a rebound.
1:16 of 1st period - Jason Dickinson wins face-off versus Adam Brooks in Little Stars zone.
1:46 of 1st period - Off-side.
1:47 of 1st period - Jason Dickinson wins face-off versus Mathew Barzal in neutral zone.
2:14 of 1st period - Shane Gersich is hit by Max Gortz and loses puck.
2:19 of 1st period - Snap shot by Max Gortz.
2:19 of 1st period - Stopped by Michael Houser with a rebound.
2:21 of 1st period - Slapshot by John Marino.
2:21 of 1st period - Shot Blocked by Wiley Sherman.
2:55 of 1st period - Jason Dickinson is hit by Iven Barbashev and loses puck.
2:58 of 1st period - Penalty to Reece Willcox is over, Reece Willcox is back on ice.
3:03 of 1st period - Icing by Samuel Girard.
3:04 of 1st period - Emile Poirier wins face-off versus Philipp Kurashev in Little Stars zone.
3:04 of 1st period - Emile Poirier is hit by Jeff Malott.
3:15 of 1st period - Slapshot by Emile Poirier.
3:15 of 1st period - Stopped by Anthony Stolarz with a rebound.
3:48 of 1st period - Minor Penalty to Collin Miller for Holding.
3:49 of 1st period - Daniel O'regan wins face-off versus Evan Rodrigues in Little Stars zone.
4:42 of 1st period - Wiley Sherman is hit by Iven Barbashev and loses puck.
4:49 of 1st period - Iven Barbashev is hit by Jason Dickinson and loses puck.
5:30 of 1st period - Tucker Poolman is hit by Iven Barbashev and loses puck.
5:48 of 1st period - Penalty to Collin Miller is over, Collin Miller is back on ice.
5:49 of 1st period - Collin Miller is hit by John Marino and loses puck.
6:50 of 1st period - Snap shot by Jason Dickinson.
6:50 of 1st period - Deflect By Gavin Bayreuther.
6:50 of 1st period - Shot Blocked by Dakota Mermis.
6:50 of 1st period - Puck is out of play.
6:51 of 1st period - Jason Dickinson wins face-off versus Adam Brooks in Penguins zone.
6:56 of 1st period - Slapshot by Matt Luff.
6:56 of 1st period - Stopped by Anthony Stolarz with a rebound.
7:59 of 1st period - Snap shot by Philipp Kurashev.
7:59 of 1st period - Stopped by Michael Houser with a rebound.
8:01 of 1st period - Wrist shot by Noah Dobson.
8:01 of 1st period - Stopped by Michael Houser without a rebound.
8:02 of 1st period - Daniel O'regan wins face-off versus Evan Rodrigues in Little Stars zone.
8:11 of 1st period - Wrist shot by Daniel O'regan.
8:11 of 1st period - Stopped by Anthony Stolarz with a rebound.
8:13 of 1st period - Snap shot by Wiley Sherman.
8:13 of 1st period - Stopped by Anthony Stolarz without a rebound.
8:14 of 1st period - Daniel O'regan wins face-off versus Evan Rodrigues in Penguins zone.
8:25 of 1st period - Snap shot by Joakim Nygard.
8:25 of 1st period - Stopped by Anthony Stolarz without a rebound.
8:26 of 1st period - Daniel O'regan wins face-off versus Evan Rodrigues in Penguins zone.
8:29 of 1st period - Snap shot by Daniel O'regan.
8:29 of 1st period - Stopped by Anthony Stolarz with a rebound.
8:51 of 1st period - Adam Brooks is hit by Matt Luff and loses puck.
9:02 of 1st period - Snap shot by Shane Gersich.
9:02 of 1st period - Deflect By Jason Dickinson.
9:02 of 1st period - Shot Misses the Net.
9:02 of 1st period - Puck is out of play.
9:03 of 1st period - Jason Dickinson wins face-off versus Evan Rodrigues in Penguins zone.
9:04 of 1st period - Wrist shot by Shane Gersich.
9:04 of 1st period - Stopped by Anthony Stolarz without a rebound.
9:05 of 1st period - Jason Dickinson wins face-off versus Evan Rodrigues in Penguins zone.
9:08 of 1st period - Slapshot by Matt Luff.
9:08 of 1st period - Stopped by Anthony Stolarz without a rebound.
9:09 of 1st period - Jason Dickinson wins face-off versus Evan Rodrigues in Penguins zone.
10:00 of 1st period - Snap shot by Emile Poirier.
10:00 of 1st period - Stopped by Anthony Stolarz with a rebound.
10:02 of 1st period - Snap shot by Emile Poirier.
10:02 of 1st period - Deflect By Justin Auger.
10:02 of 1st period - Stopped by Anthony Stolarz without a rebound.
10:03 of 1st period - Evan Rodrigues wins face-off versus Daniel O'regan in Penguins zone.
10:05 of 1st period - Minor Penalty to Gavin Bayreuther for Holding.
10:06 of 1st period - Evan Rodrigues wins face-off versus Ilya Mikheyev in Penguins zone.
10:20 of 1st period - Snap shot by Daniel O'regan.
10:20 of 1st period - Goal by Daniel O'regan - Penguins : 0 - Little Stars : 1.
10:21 of 1st period - Daniel O'regan wins face-off versus Evan Rodrigues in neutral zone.
11:48 of 1st period - Joakim Nygard is hit by Adam Brooks and loses puck.
12:00 of 1st period - Minor Penalty to Adam Brooks for Hooking.
12:01 of 1st period - Evan Rodrigues wins face-off versus Daniel O'regan in Penguins zone.
12:37 of 1st period - Snap shot by Shane Gersich.
12:37 of 1st period - Shot Misses the Net.
14:00 of 1st period - Penalty to Adam Brooks is over, Adam Brooks is back on ice.
14:07 of 1st period - Gavin Bayreuther is hit by Rudolfs Balcers.
14:28 of 1st period - Wrist shot by Eetu Luostarinen.
14:28 of 1st period - Stopped by Michael Houser without a rebound.
14:29 of 1st period - Philipp Kurashev wins face-off versus Radel Fazleev in Little Stars zone.
14:32 of 1st period - Snap shot by Clayton Keller.
14:32 of 1st period - Deflect By Philipp Kurashev.
14:32 of 1st period - Stopped by Michael Houser with a rebound.
15:10 of 1st period - Backhand shot by Shane Gersich.
15:10 of 1st period - Stopped by Anthony Stolarz with a rebound.
15:12 of 1st period - Snap shot by Shane Gersich.
15:12 of 1st period - Shot Blocked by Dakota Mermis.
15:34 of 1st period - Snap shot by Jason Dickinson.
15:34 of 1st period - Stopped by Anthony Stolarz with a rebound.
15:36 of 1st period - Wrist shot by Joakim Nygard.
15:36 of 1st period - Deflect By Ilya Mikheyev.
15:36 of 1st period - Shot Misses the Net.
15:36 of 1st period - Puck is out of play.
15:37 of 1st period - Ilya Mikheyev wins face-off versus Philipp Kurashev in Penguins zone.
15:38 of 1st period - Snap shot by Joakim Nygard.
15:38 of 1st period - Stopped by Anthony Stolarz without a rebound.
15:39 of 1st period - Daniel O'regan wins face-off versus Evan Rodrigues in Penguins zone.
15:44 of 1st period - Wrist shot by Joakim Nygard.
15:44 of 1st period - Shot Blocked by Evan Rodrigues.
15:46 of 1st period - Wrist shot by Ilya Mikheyev.
15:46 of 1st period - Shot Misses the Net.
15:48 of 1st period - Slapshot by Wiley Sherman.
15:48 of 1st period - Deflect By Ilya Mikheyev.
15:48 of 1st period - Stopped by Anthony Stolarz with a rebound.
15:50 of 1st period - Snap shot by Joakim Nygard.
15:50 of 1st period - Stopped by Anthony Stolarz with a rebound.
16:09 of 1st period - Off-side.
16:10 of 1st period - Adam Brooks wins face-off versus Daniel O'regan in neutral zone.
16:38 of 1st period - Matt Luff is hit by Dakota Mermis.
17:04 of 1st period - Snap shot by Philipp Kurashev.
17:04 of 1st period - Shot Misses the Net.
17:06 of 1st period - Slapshot by John Marino.
17:06 of 1st period - Shot Hit the Post.
17:08 of 1st period - Snap shot by Philipp Kurashev.
17:08 of 1st period - Shot Blocked by Tucker Poolman.
17:26 of 1st period - Wrist shot by Justin Auger.
17:26 of 1st period - Shot Blocked by Adam Brooks.
18:01 of 1st period - Snap shot by Jason Dickinson.
18:01 of 1st period - Stopped by Anthony Stolarz without a rebound.
18:02 of 1st period - Iven Barbashev wins face-off versus Jason Dickinson in Penguins zone.
18:02 of 1st period - Iven Barbashev is hit by Wiley Sherman.
18:20 of 1st period - Backhand shot by Evan Rodrigues.
18:20 of 1st period - Shot Blocked by Shane Gersich.
18:32 of 1st period - Snap shot by Shane Gersich.
18:32 of 1st period - Shot Misses the Net.
18:34 of 1st period - Snap shot by Jason Dickinson.
18:34 of 1st period - Deflect By Matt Luff.
18:34 of 1st period - Stopped by Anthony Stolarz with a rebound.
18:36 of 1st period - Snap shot by Jason Dickinson.
18:36 of 1st period - Stopped by Anthony Stolarz without a rebound.
18:37 of 1st period - Adam Brooks wins face-off versus Joakim Nygard in Penguins zone.
18:44 of 1st period - Ilya Mikheyev is hit by Mathew Barzal and loses puck.
19:14 of 1st period - Wrist shot by Clayton Keller.
19:14 of 1st period - Stopped by Michael Houser with a rebound.
19:16 of 1st period - Snap shot by Dakota Mermis.
19:16 of 1st period - Stopped by Michael Houser with a rebound.
19:39 of 1st period - Minor Penalty to Jesper Boqvist for Hooking.
19:40 of 1st period - Evan Rodrigues wins face-off versus Daniel O'regan in Penguins zone.
Goals for this period are 0 for Penguins vs 1 for Little Stars.
Shots for this period are 9 for Penguins vs 19 for Little Stars.
2nd period
0:01 of 2nd period - Daniel O'regan wins face-off versus Evan Rodrigues in neutral zone.
1:39 of 2nd period - Penalty to Jesper Boqvist is over, Jesper Boqvist is back on ice.
2:10 of 2nd period - Ville Pokka is hit by Clayton Keller and loses puck.
2:35 of 2nd period - Tucker Poolman is hit by Max Gortz and loses puck.
2:58 of 2nd period - John Marino is hit by Ilya Mikheyev and loses puck.
3:13 of 2nd period - Denis Malgin is hit by Tucker Poolman and loses puck.
3:32 of 2nd period - Evan Rodrigues is hit by Rudolfs Balcers and loses puck.
4:26 of 2nd period - Minor Penalty to Filip Chytil for Tripping.
4:27 of 2nd period - Evan Rodrigues wins face-off versus Daniel O'regan in Little Stars zone.
6:26 of 2nd period - Penalty to Filip Chytil is over, Filip Chytil is back on ice.
6:34 of 2nd period - Snap shot by Daniel O'regan.
6:34 of 2nd period - Stopped by Anthony Stolarz without a rebound.
6:35 of 2nd period - Rudolfs Balcers wins face-off versus Philipp Kurashev in Penguins zone.
6:36 of 2nd period - Slapshot by Cal Burke.
6:36 of 2nd period - Shot Misses the Net.
6:38 of 2nd period - Slapshot by Filip Chytil.
6:38 of 2nd period - Goal by Filip Chytil - Penguins : 0 - Little Stars : 2.
6:39 of 2nd period - Adam Brooks wins face-off versus Daniel O'regan in neutral zone.
6:42 of 2nd period - Slapshot by John Marino.
6:42 of 2nd period - Shot Blocked by Collin Miller.
6:44 of 2nd period - Slapshot by Brett Kulak.
6:44 of 2nd period - Deflect By Mathew Barzal.
6:44 of 2nd period - Shot Misses the Net.
6:44 of 2nd period - Puck is out of play.
6:45 of 2nd period - Daniel O'regan wins face-off versus Adam Brooks in Little Stars zone.
7:14 of 2nd period - Joakim Nygard is hit by Clayton Keller and loses puck.
7:19 of 2nd period - Snap shot by Clayton Keller.
7:19 of 2nd period - Shot Misses the Net.
7:21 of 2nd period - Slapshot by Brett Kulak.
7:21 of 2nd period - Shot Blocked by Daniel O'regan.
7:23 of 2nd period - Slapshot by Brett Kulak.
7:23 of 2nd period - Deflect By Clayton Keller.
7:23 of 2nd period - Shot Misses the Net.
7:23 of 2nd period - Puck is out of play.
7:24 of 2nd period - Evan Rodrigues wins face-off versus Jason Dickinson in Little Stars zone.
7:34 of 2nd period - Icing by Reece Willcox.
7:35 of 2nd period - Jason Dickinson wins face-off versus Evan Rodrigues in Little Stars zone.
7:42 of 2nd period - Wrist shot by Jason Dickinson.
7:42 of 2nd period - Shot Blocked by Gavin Bayreuther.
7:44 of 2nd period - Wrist shot by Shane Gersich.
7:44 of 2nd period - Deflect By Jason Dickinson.
7:44 of 2nd period - Stopped by Anthony Stolarz with a rebound.
7:46 of 2nd period - Snap shot by Reece Willcox.
7:46 of 2nd period - Shot Blocked by Dakota Mermis.
8:00 of 2nd period - Wrist shot by Shane Gersich.
8:00 of 2nd period - Shot Misses the Net.
8:02 of 2nd period - Slapshot by Shane Gersich.
8:02 of 2nd period - Shot Misses the Net.
8:04 of 2nd period - Snap shot by Reece Willcox.
8:04 of 2nd period - Shot Blocked by Dakota Mermis.
8:06 of 2nd period - Slapshot by Reece Willcox.
8:06 of 2nd period - Shot Misses the Net.
8:08 of 2nd period - Wrist shot by Shane Gersich.
8:08 of 2nd period - Deflect By Jason Dickinson.
8:08 of 2nd period - Shot Misses the Net.
8:08 of 2nd period - Puck is out of play.
8:09 of 2nd period - Evan Rodrigues wins face-off versus Daniel O'regan in Penguins zone.
8:11 of 2nd period - Minor Penalty to Iven Barbashev for Tripping.
8:12 of 2nd period - Daniel O'regan wins face-off versus Evan Rodrigues in Penguins zone.
8:18 of 2nd period - Wrist shot by Ilya Mikheyev.
8:18 of 2nd period - Stopped by Anthony Stolarz with a rebound.
8:45 of 2nd period - Icing by Matt Luff.
8:46 of 2nd period - Jason Dickinson wins face-off versus Evan Rodrigues in Little Stars zone.
9:21 of 2nd period - Eetu Luostarinen is hit by Matt Luff and loses puck.
10:11 of 2nd period - Penalty to Iven Barbashev is over, Iven Barbashev is back on ice.
10:14 of 2nd period - Snap shot by Shane Gersich.
10:14 of 2nd period - Shot Misses the Net.
10:40 of 2nd period - Dakota Mermis is hit by Shane Gersich and loses puck.
10:45 of 2nd period - Slapshot by Shane Gersich.
10:45 of 2nd period - Shot Misses the Net.
10:47 of 2nd period - Snap shot by Matt Luff.
10:47 of 2nd period - Stopped by Anthony Stolarz with a rebound.
10:49 of 2nd period - Slapshot by Collin Miller.
10:49 of 2nd period - Stopped by Anthony Stolarz without a rebound.
10:50 of 2nd period - Denis Malgin wins face-off versus Daniel O'regan in Penguins zone.
10:50 of 2nd period - Denis Malgin is hit by Joakim Nygard.
11:02 of 2nd period - Slapshot by Jesper Boqvist.
11:02 of 2nd period - Shot Blocked by Tucker Poolman.
11:04 of 2nd period - Snap shot by Sampo Ranta.
11:04 of 2nd period - Shot Misses the Net.
11:06 of 2nd period - Wrist shot by Brett Kulak.
11:06 of 2nd period - Stopped by Michael Houser with a rebound.
12:16 of 2nd period - Slapshot by Samuel Girard.
12:16 of 2nd period - Goal by Samuel Girard - Penguins : 0 - Little Stars : 3.
12:17 of 2nd period - Evan Rodrigues wins face-off versus Daniel O'regan in neutral zone.
12:22 of 2nd period - Wrist shot by Iven Barbashev.
12:22 of 2nd period - Stopped by Michael Houser without a rebound.
12:23 of 2nd period - Daniel O'regan wins face-off versus Evan Rodrigues in Little Stars zone.
12:28 of 2nd period - Wrist shot by Iven Barbashev.
12:28 of 2nd period - Shot Blocked by Joakim Nygard.
12:54 of 2nd period - Slapshot by Mathew Barzal.
12:54 of 2nd period - Deflect By Eetu Luostarinen.
12:54 of 2nd period - Stopped by Michael Houser with a rebound.
12:56 of 2nd period - Snap shot by Adam Brooks.
12:56 of 2nd period - Shot Blocked by Emile Poirier.
12:58 of 2nd period - Wrist shot by Adam Brooks.
12:58 of 2nd period - Shot Misses the Net.
13:18 of 2nd period - Wrist shot by Filip Chytil.
13:18 of 2nd period - Stopped by Anthony Stolarz with a rebound.
13:47 of 2nd period - Max Gortz is hit by Jason Dickinson and loses puck.
14:06 of 2nd period - Slapshot by Mathew Barzal.
14:06 of 2nd period - Shot Blocked by Justin Auger.
14:08 of 2nd period - Slapshot by Brett Kulak.
14:08 of 2nd period - Deflect By Samuel Girard.
14:08 of 2nd period - Stopped by Michael Houser with a rebound.
14:10 of 2nd period - Slapshot by John Marino.
14:10 of 2nd period - Stopped by Michael Houser without a rebound.
14:11 of 2nd period - Adam Brooks wins face-off versus Daniel O'regan in Little Stars zone.
14:26 of 2nd period - Off-side.
14:27 of 2nd period - Evan Rodrigues wins face-off versus Jason Dickinson in neutral zone.
14:34 of 2nd period - Snap shot by Iven Barbashev.
14:34 of 2nd period - Stopped by Michael Houser with a rebound.
14:36 of 2nd period - Slapshot by Iven Barbashev.
14:36 of 2nd period - Shot Blocked by Collin Miller.
14:44 of 2nd period - Wiley Sherman is hit by Max Gortz and loses puck.
15:35 of 2nd period - John Marino is hit by Cal Burke and loses puck.
15:40 of 2nd period - Wrist shot by Cal Burke.
15:40 of 2nd period - Goal by Cal Burke - Penguins : 0 - Little Stars : 4.
15:41 of 2nd period - Daniel O'regan wins face-off versus Max Gortz in neutral zone.
15:44 of 2nd period - Slapshot by Wiley Sherman.
15:44 of 2nd period - Stopped by Anthony Stolarz without a rebound.
15:45 of 2nd period - Daniel O'regan wins face-off versus Evan Rodrigues in Penguins zone.
17:33 of 2nd period - Slapshot by Emile Poirier.
17:33 of 2nd period - Stopped by Anthony Stolarz without a rebound.
17:34 of 2nd period - Daniel O'regan wins face-off versus Adam Brooks in Penguins zone.
17:35 of 2nd period - Slapshot by Ilya Mikheyev.
17:35 of 2nd period - Stopped by Anthony Stolarz without a rebound.
17:36 of 2nd period - Adam Brooks wins face-off versus Daniel O'regan in Penguins zone.
17:50 of 2nd period - Minor Penalty to Brett Kulak for Hooking.
17:51 of 2nd period - Evan Rodrigues wins face-off versus Daniel O'regan in Penguins zone.
19:48 of 2nd period - Adam Brooks is hit by Reece Willcox and loses puck.
19:50 of 2nd period - Penalty to Brett Kulak is over, Brett Kulak is back on ice.
Goals for this period are 0 for Penguins vs 3 for Little Stars.
Shots for this period are 6 for Penguins vs 12 for Little Stars.
3rd period
0:01 of 3rd period - Daniel O'regan wins face-off versus Evan Rodrigues in neutral zone.
0:01 of 3rd period - Wiley Sherman is hit by Dakota Mermis and loses puck.
2:24 of 3rd period - Minor Penalty to Justin Auger for Tripping.
2:25 of 3rd period - Evan Rodrigues wins face-off versus Daniel O'regan in Little Stars zone.
2:26 of 3rd period - Snap shot by Iven Barbashev.
2:26 of 3rd period - Goal by Iven Barbashev - Penguins : 1 - Little Stars : 4.
2:27 of 3rd period - Evan Rodrigues wins face-off versus Daniel O'regan in neutral zone.
2:40 of 3rd period - Slapshot by Gavin Bayreuther.
2:40 of 3rd period - Stopped by Michael Houser without a rebound.
2:41 of 3rd period - Evan Rodrigues wins face-off versus Daniel O'regan in Little Stars zone.
2:42 of 3rd period - Slapshot by Iven Barbashev.
2:42 of 3rd period - Stopped by Michael Houser with a rebound.
3:06 of 3rd period - Mathew Barzal is hit by Collin Miller and loses puck.
3:25 of 3rd period - Backhand shot by Clayton Keller.
3:25 of 3rd period - Shot Misses the Net.
3:27 of 3rd period - Wrist shot by John Marino.
3:27 of 3rd period - Stopped by Michael Houser with a rebound.
3:39 of 3rd period - Clayton Keller is hit by Reece Willcox and loses puck.
4:18 of 3rd period - Tucker Poolman is hit by Adam Brooks and loses puck.
4:39 of 3rd period - Slapshot by Gavin Bayreuther.
4:39 of 3rd period - Stopped by Michael Houser without a rebound.
4:40 of 3rd period - Daniel O'regan wins face-off versus Evan Rodrigues in Little Stars zone.
4:45 of 3rd period - Brett Kulak is hit by Ilya Mikheyev and loses puck.
5:54 of 3rd period - Max Gortz is hit by Ilya Mikheyev and loses puck.
6:15 of 3rd period - Wrist shot by Adam Brooks.
6:15 of 3rd period - Shot Misses the Net.
6:17 of 3rd period - Slapshot by Noah Dobson.
6:17 of 3rd period - Stopped by Michael Houser without a rebound.
6:18 of 3rd period - Adam Brooks wins face-off versus Jason Dickinson in Little Stars zone.
6:21 of 3rd period - Snap shot by Mathew Barzal.
6:21 of 3rd period - Stopped by Michael Houser with a rebound.
6:37 of 3rd period - Mathew Barzal is hit by Reece Willcox and loses puck.
6:51 of 3rd period - Icing by Ilya Mikheyev.
6:52 of 3rd period - Evan Rodrigues wins face-off versus Daniel O'regan in Little Stars zone.
6:58 of 3rd period - Minor Penalty to Reece Willcox for Holding.
6:59 of 3rd period - Evan Rodrigues wins face-off versus Daniel O'regan in Little Stars zone.
7:05 of 3rd period - Slapshot by Evan Rodrigues.
7:05 of 3rd period - Stopped by Michael Houser with a rebound.
7:07 of 3rd period - Snap shot by Iven Barbashev.
7:07 of 3rd period - Shot Misses the Net.
7:09 of 3rd period - Slapshot by Gavin Bayreuther.
7:09 of 3rd period - Deflect By Evan Rodrigues.
7:09 of 3rd period - Shot Blocked by Daniel O'regan.
7:09 of 3rd period - Puck is out of play.
7:10 of 3rd period - Joakim Nygard wins face-off versus Evan Rodrigues in Little Stars zone.
7:26 of 3rd period - Off-side.
7:27 of 3rd period - Daniel O'regan wins face-off versus Evan Rodrigues in neutral zone.
7:30 of 3rd period - Evan Rodrigues is hit by Joakim Nygard and loses puck.
7:37 of 3rd period - Slapshot by Dakota Mermis.
7:37 of 3rd period - Stopped by Michael Houser with a rebound.
7:39 of 3rd period - Snap shot by Iven Barbashev.
7:39 of 3rd period - Deflect By Evan Rodrigues.
7:39 of 3rd period - Goal by Evan Rodrigues - Penguins : 2 - Little Stars : 4.
7:40 of 3rd period - Evan Rodrigues wins face-off versus Daniel O'regan in neutral zone.
7:45 of 3rd period - Wrist shot by Gavin Bayreuther.
7:45 of 3rd period - Goal by Gavin Bayreuther - Penguins : 3 - Little Stars : 4.
7:46 of 3rd period - Evan Rodrigues wins face-off versus Ilya Mikheyev in neutral zone.
8:03 of 3rd period - Daniel O'regan is hit by Gavin Bayreuther and loses puck.
9:05 of 3rd period - Wrist shot by Joakim Nygard.
9:05 of 3rd period - Stopped by Anthony Stolarz with a rebound.
9:09 of 3rd period - Snap shot by Daniel O'regan.
9:09 of 3rd period - Deflect By Philipp Kurashev.
9:09 of 3rd period - Stopped by Anthony Stolarz without a rebound.
9:10 of 3rd period - Jason Dickinson wins face-off versus Iven Barbashev in Penguins zone.
9:11 of 3rd period - Snap shot by Shane Gersich.
9:11 of 3rd period - Stopped by Anthony Stolarz with a rebound.
9:13 of 3rd period - Slapshot by Tucker Poolman.
9:13 of 3rd period - Stopped by Anthony Stolarz with a rebound.
9:15 of 3rd period - Snap shot by Reece Willcox.
9:15 of 3rd period - Deflect By Evan Rodrigues.
9:15 of 3rd period - Stopped by Anthony Stolarz with a rebound.
9:59 of 3rd period - Filip Chytil is hit by Sampo Ranta and loses puck.
10:08 of 3rd period - Wrist shot by Jesper Boqvist.
10:08 of 3rd period - Shot Misses the Net.
11:09 of 3rd period - Minor Penalty to Brett Kulak for Hooking.
11:10 of 3rd period - Evan Rodrigues wins face-off versus Joakim Nygard in Penguins zone.
11:45 of 3rd period - Adam Brooks is hit by Jason Dickinson and loses puck.
12:22 of 3rd period - Ilya Mikheyev is hit by John Marino and loses puck.
12:27 of 3rd period - Snap shot by Adam Brooks.
12:27 of 3rd period - Goal by Adam Brooks - Penguins : 4 - Little Stars : 4.
12:28 of 3rd period - Jason Dickinson wins face-off versus Evan Rodrigues in neutral zone.
13:09 of 3rd period - Penalty to Brett Kulak is over, Brett Kulak is back on ice.
13:37 of 3rd period - Slapshot by Tucker Poolman.
13:37 of 3rd period - Stopped by Anthony Stolarz with a rebound.
13:40 of 3rd period - Icing by Sampo Ranta.
13:41 of 3rd period - Denis Malgin wins face-off versus Filip Chytil in Penguins zone.
14:40 of 3rd period - Snap shot by Cal Burke.
14:40 of 3rd period - Shot Misses the Net.
14:50 of 3rd period - Backhand shot by Denis Malgin.
14:50 of 3rd period - Stopped by Michael Houser without a rebound.
14:51 of 3rd period - Daniel O'regan wins face-off versus Evan Rodrigues in Little Stars zone.
15:17 of 3rd period - Wiley Sherman is hit by Clayton Keller and loses puck.
15:30 of 3rd period - John Marino is hit by Emile Poirier.
15:52 of 3rd period - Snap shot by Shane Gersich.
15:52 of 3rd period - Goal by Shane Gersich - Penguins : 4 - Little Stars : 5.
15:53 of 3rd period - Daniel O'regan wins face-off versus Philipp Kurashev in neutral zone.
15:58 of 3rd period - Slapshot by Joakim Nygard.
15:58 of 3rd period - Stopped by Anthony Stolarz with a rebound.
16:14 of 3rd period - Tucker Poolman is hit by Philipp Kurashev and loses puck.
16:27 of 3rd period - Wrist shot by Mathew Barzal.
16:27 of 3rd period - Shot Hit the Post.
16:29 of 3rd period - Wrist shot by Mathew Barzal.
16:29 of 3rd period - Stopped by Michael Houser without a rebound.
16:30 of 3rd period - Adam Brooks wins face-off versus Radel Fazleev in Little Stars zone.
16:39 of 3rd period - Snap shot by Adam Brooks.
16:39 of 3rd period - Deflect By Mathew Barzal.
16:39 of 3rd period - Shot Misses the Net.
16:39 of 3rd period - Puck is out of play.
16:40 of 3rd period - Radel Fazleev wins face-off versus Philipp Kurashev in Little Stars zone.
16:40 of 3rd period - Radel Fazleev is hit by Brett Kulak.
16:54 of 3rd period - Snap shot by Emile Poirier.
16:54 of 3rd period - Stopped by Anthony Stolarz without a rebound.
16:55 of 3rd period - Daniel O'regan wins face-off versus Max Gortz in Penguins zone.
17:15 of 3rd period - Ilya Mikheyev is hit by Evan Rodrigues and loses puck.
17:28 of 3rd period - Snap shot by Philipp Kurashev.
17:28 of 3rd period - Stopped by Michael Houser with a rebound.
18:13 of 3rd period - Brett Kulak is hit by Tucker Poolman and loses puck.
18:22 of 3rd period - Snap shot by Tucker Poolman.
18:22 of 3rd period - Stopped by Anthony Stolarz without a rebound.
18:23 of 3rd period - Radel Fazleev wins face-off versus Philipp Kurashev in Penguins zone.
18:34 of 3rd period - Wrist shot by Clayton Keller.
18:34 of 3rd period - Shot Misses the Net.
19:07 of 3rd period - Penguins, Anthony Stolarz is pulled from the net.
19:11 of 3rd period - Wrist shot by Clayton Keller.
19:11 of 3rd period - Stopped by Michael Houser without a rebound.
19:12 of 3rd period - Brent Sutter call a timeout for Penguins.
19:12 of 3rd period - Evan Rodrigues wins face-off versus Daniel O'regan in Little Stars zone.
19:33 of 3rd period - Icing by Iven Barbashev.
19:34 of 3rd period - Anthony Stolarz from Penguins was sent back in the game.
19:34 of 3rd period - Evan Rodrigues wins face-off versus Daniel O'regan in Penguins zone.
19:39 of 3rd period - Slapshot by Daniel O'regan.
19:39 of 3rd period - Stopped by Anthony Stolarz without a rebound.
19:40 of 3rd period - Daniel O'regan wins face-off versus Evan Rodrigues in Penguins zone.
19:48 of 3rd period - Minor Penalty to Dakota Mermis for Holding.
19:49 of 3rd period - Daniel O'regan wins face-off versus Evan Rodrigues in Penguins zone.
Goals for this period are 4 for Penguins vs 1 for Little Stars.
Shots for this period are 16 for Penguins vs 11 for Little Stars.